Description

I marked that the build is against all races, but I do not recommend it in ZvZ. You can play this build from the bronze 3 to diamond 1 basically. I didn't mention the upgrades, however you should be capable of bying them in terms of gas so just start them when you want. And as I made it thinking about rather new players, I'll say, remember about scout, inject and creep spread! It's really important

Build Order

Get SALT Encoding   

  13  0:12  Overlord  
  16  0:50  Hatchery  
  18  1:04  Extractor  
  17  1:15  Spawning Pool  
  19  1:40  Overlord  
  20  2:05  Queen x2, Zergling x2  
  26  2:08  Metabolic Boost  
  29  2:23  Hatchery  
  31  2:30  Overlord  
  36  2:48  Queen x2  
    3:15  Action  scout
    3:25  Baneling Nest, Extractor, Roach Warren  OR
    4:00  Spore Crawler  if needed
    4:20  Lair, Extractor x2  or 5:00 if the opponent is not agressive, start just after lair
    4:50  Evolution Chamber x2  
    5:40  Extractor x2, Action  advanced tech (spire/hydralisk mostly)
    6:00  Hatchery  don't make if opponent is on two bases
    6:20  Infestation Pit  
    7:10  Hive  
Spawning Tool Build Advisor. Get it on Overwolf

Analysis

3:25 vP roach warren vT baneling nest (usually, not always of course)

Go to:

Details

  • Created by: mlekolaj
  • Published on: Nov 07, 2021
  • Modified on: Nov 07, 2021
  • Patch: 4.11.0
  • Difficulty: Easy
Show
View Real Time Build Order
Export as new Build Order

Comments (0)

There are no comments. Be the first!

Create an account to comment!